 Dungeon Crawl Stone Soup version 0.30.0-30-g96aa6591b8 (webtiles) character file.

Game seed: 11303228876226149118

67 Dordric the Slasher (level 4, -4/33 HPs)
             Began as a Djinni Warper on June 30, 2023.
             Slain by a gnoll
             ... wielding a +0 club
              (6 damage)
             ... on level 3 of the Dungeon.
             The game lasted 00:02:25 (2005 turns).

Dordric the Slasher (Djinni Warper)                 Turns: 2005, Time: 00:02:26

Health: -4/33      AC:  5    Str: 10    XL:     4   Next: 38%
Gold:   132        EV: 10    Int: 15    God:
                   SH:  0    Dex: 14

rFire   + + .        a - +0 falchion
rCold   x . .        (no shield)
rNeg    . . .        k - +0 ring mail
rPois   ∞            (no helmet)
rElec   .            (no cloak)
rCorr   .            (no gloves)
SInv    .            (boots unavailable)
Will    +....        (no amulet)
Stlth   +            q - ring of wizardry
HPRegen 0.25/turn    e - ring of willpower
MPRegen 0.00/turn

%: wizardry (x1), infuse magic (-5 HP)
@: flying, very slightly contaminated
A: sickness immunity, fire resistance 2, cold vulnerability 1, float, innate
caster, HP casting, extra vitality 1
a: no special abilities


You were on level 3 of the Dungeon.
You visited 1 branch of the dungeon, and saw 3 of its levels.

You collected 132 gold pieces.

Inventory:

Hand Weapons
 a - a +0 falchion (weapon)
Missiles
 d - 7 boomerangs of dispersal
Armour
 b - a +0 leather armour
 j - a +0 chain mail
 k - a +0 ring mail (worn)
 n - a +0 scale mail
 o - a +0 kite shield
Magical Staves
 m - a staff of air
Jewellery
 e - a ring of willpower (right hand)
 q - a ring of wizardry (left hand)
Scrolls
 c - a scroll of blinking
 f - 2 scrolls of teleportation {unknown}
 g - 2 scrolls of identify {unknown}
 h - 2 scrolls of fog {unknown}
 p - 2 scrolls of enchant armour {unknown}
 s - a scroll of magic mapping {unknown}
Potions
 i - 3 potions of curing {unknown}
 l - 2 potions of cancellation {unknown}
 r - a potion of attraction {unknown}


   Skills:
 - Level 2.0 Fighting
 + Level 3.9 Long Blades
 - Level 0.7 Throwing
 - Level 1.0 Armour
 - Level 2.1 Dodging
 - Level 2.4 Spellcasting


You knew the following spells:

 Your Spells              Type           Power      Damage    Failure   Level
a - Blink                 Tloc           18%        N/A       12%         2
b - Lesser Beckoning      Tloc           18%        N/A       12%         2
c - Vhi's Electric Charg  Tloc/Air       18%        N/A       24%         3
d - Teleport Other        Tloc           9%         N/A       24%         3
e - Manifold Assault      Tloc           9%         N/A       58%         4
f - Freeze                Ice            36%        1d5       9%          1
Your spell library was empty.

Dungeon Overview and Level Annotations

Branches:
Dungeon (3/15)

Altars:


Innate Abilities, Weirdness & Mutations

You are immune to sickness and miasma.
You are immune to poison.
Your flesh is very heat resistant. (rF++)
You are vulnerable to cold. (rC-)
You float through the air rather than walking.
You learn spells naturally, not from books.
Your magical power is your life essence.
You have superior vitality. (+4 MHP)


Message History

The kobold is severely wounded.
The kobold hits you with a +0 whip.
You barely miss the kobold.
The kobold is severely wounded.
The kobold hits you with a +0 whip.
You barely miss the kobold.
The kobold is severely wounded.
The kobold barely misses you.
You hit the kobold but do no damage.
The kobold is heavily wounded.
The kobold hits you but does no damage.
You closely miss the kobold.
The kobold is heavily wounded.
The kobold barely misses you.
A gnoll comes into view. It is wielding a +0 spear.
You miscast Freeze.
You are very lightly contaminated with residual magic.
Nothing appears to happen.
The kobold barely misses you. The gnoll hits you with a +0 club.
You freeze the kobold.
You kill the kobold!
A gnoll comes into view. It is wielding a +0 whip.
The gnoll hits you with a +0 club.
You freeze the gnoll.
The gnoll is moderately wounded.
The gnoll shouts!
The gnoll hits you but does no damage.
You freeze the gnoll.
The gnoll is heavily wounded.
The gnoll barely misses you. The gnoll hits you with a +0 club!
The gnoll hits you from afar with a +0 spear.
The gnoll hits you with a +0 club.
The gnoll hits you from afar with a +0 spear.
* * * LOW HITPOINT WARNING * * *
There is a stone staircase leading up here.
The gnoll hits you from afar with a +0 spear.
* * * LOW HITPOINT WARNING * * *
The gnoll hits you with a +0 club.
You die...

.. ..........
#............######.....
#................ #.....
.................##.....
................†.......
........................
............####........
............# #........
......g@....# #........
#......g...)####........
.....g.........#........
......)...........#...#.
..................#..##)
....#...............###.
##+#..................#.
#.#................#.
#.#.####...........#.


You could see 3 gnolls.

Vanquished Creatures
  2 worms
  A dart slug (D:2)
  3 ball pythons
  5 bats
  8 endoplasms
  2 giant cockroaches
  2 goblins
  6 hobgoblins
  7 jackals
  8 kobolds
  2 quokkas (D:3)
  2 frilled lizards
  3 rats (D:2)
51 creatures vanquished.

Notes
Turn   | Place    | Note
-------+----------+-------------------------------------------
     0 | D:1      | Dordric the Djinni Warper began the quest for the Orb.
     0 | D:1      | Dordric set off with the following spells memorised: Blink,
                  | Lesser Beckoning, Vhi's Electric Charge, Teleport Other,
                  | Manifold Assault.
     0 | D:1      | Reached XP level 1. HP: 18/18 MP: 0/0
    72 | D:1      | Reached skill level 2 in Long Blades
   113 | D:1      | Reached XP level 2. HP: 22/23 MP: 0/0
   597 | D:1      | Reached XP level 3. HP: 26/28 MP: 0/0
   597 | D:1      | Learned a level 1 spell: Freeze
   610 | D:1      | Reached skill level 3 in Long Blades
  1434 | D:2      | Reached XP level 4. HP: 30/33 MP: 0/0
  2005 | D:3      | Slain by a gnoll

Illustrated notes

Levels and vault maps discovered:
D:1:      psy_arrival_basics, layout_basic, columned_hall_lemuel,
          nicolae_kite_square_tiling_tiny
D:2:      layout_basic
D:3:      layout_basic, jmf_multi_god_temple, st_stairs_6, chequers_jeans

Skill      XL: |  1  2  3 |
---------------+----------+-----
Long Blades    | 2 3 |  3.9
Fighting       | |  2.0
Throwing       | |  0.7
Armour         | |  1.0
Dodging        | |  2.1
Spellcasting   | |  2.4

Action                     |  1- 3 |  4- 6 || total
---------------------------+-------+-------++-------
  Melee: Falchion          |   122 |    43 ||   165
         Punch             |     2 |       ||     2
   Cast: Freeze            |       |     9 ||     9
         Vhi's Electric Ch |       |     1 ||     1
 Armour: Leather armour    |    21 |       ||    21
         Ring mail         |     7 |    11 ||    18
         Chain mail        |     4 |       ||     4
         Scale mail        |    14 |     8 ||    22
  Dodge: Dodged            |    69 |    31 ||   100
  Block: Kite shield       |     1 |       ||     1
